 Dungeon Crawl Stone Soup version 0.32-a0-43-g058985b245 (webtiles) character file.

Game seed: 9653567430380057769

3269 seren the Mimic (level 9, -3/55 HPs)
             Began as a Demonspawn Shapeshifter on Feb 4, 2024.
             Was a Priest of Wu Jian.
             Slain by a killer bee (5 damage)
             ... on level 9 of the Dungeon.
             The game lasted 00:42:05 (11215 turns).

seren the Mimic (Demonspawn Shapeshifter)          Turns: 11215, Time: 00:42:06

Health: -3/55      AC:  2    Str: 17    XL:     9   Next: 68%
Magic:  0/9        EV: 14    Int: 11    God:    Wu Jian [***...]
Gold:   412        SH:  6    Dex: 14    Spells: 8/8 levels left

rFire   . .          .
                       - Unarmed
rCold   . . .        (no shield)
rNeg    . . .        g - melded +0 leather armour
rPois   .            (helmet restricted)
rElec   .            (no cloak)
rCorr   .            y - +1 pair of gloves
SInv    .            (no boots)
Will    .....        (no amulet)
Stlth   +            (no ring)
HPRegen 0.29/turn    (no ring)
MPRegen 0.22/turn

%: guardian spirit
@: lethally poisoned (-3 -> -6), maw-form
A: devouring maw, reduced hp, antennae 2, large bone plates 2, magic shield,
magic regeneration
a: Begin Untransformation, Renounce Religion, Wall Jump, Serpent's Lash


You were on level 9 of the Dungeon.
You worshipped Wu Jian.
Wu Jian was most pleased with you.
You were a creature with a mouth for a stomach.
You visited 2 branches of the dungeon, and saw 10 of its levels.

You collected 506 gold pieces.
You spent 94 gold pieces at shops.

Inventory:

Hand Weapons
 b - a +1 sling of flaming
 i - a +0 dagger of protection
 k - a +1 hand axe of flaming
 n - a +2 dagger of draining
 p - a +2 dagger of pain
 s - the +10 flail "Undertaker" {drain, rN+}
   (You took it off Edmund on level 6 of the Dungeon)

   rN+:       It protects you from negative energy.
 B - a +2 spear of flaming
Missiles
 h - 20 poisoned darts (quivered)
 j - 3 throwing nets {!f}
Armour
 g - a +0 leather armour (melded)
 y - a +1 pair of gloves (worn)
 A - the +1 robe of Fucyil {^Contam rElec rF+ SInv}
   (You took it off a gnoll on level 7 of the Dungeon)

   rF+:       It protects you from fire.
   rElec:     It insulates you from electricity.
   SInv:      It lets you see invisible.
   ^Contam:   It causes magical contamination when unequipped.
Talismans
 c - a beast talisman
 d - a flux talisman
 z - a maw talisman (active)
Wands
 l - a wand of acid (2)
Scrolls
 e - a scroll of vulnerability
 m - 2 scrolls of immolation
 q - a scroll of enchant armour
 w - a scroll of noise {unknown}
 x - a scroll of torment {unknown}
 C - 2 scrolls of amnesia
Potions
 a - a potion of might {unknown}
 f - a potion of haste
 o - a potion of resistance
 r - a potion of curing
 t - a potion of mutation {unknown}
 u - a potion of attraction {unknown}
 v - a potion of enlightenment {unknown}
 D - a potion of heal wounds {unknown}


   Skills:
 - Level 5.5 Fighting
 - Level 1.8 Armour
 - Level 5.2 Dodging
 - Level 5.0 Unarmed Combat
 - Level 4.0 Evocations
 * Level 8.1 Shapeshifting


You had 8 spell levels left.
You didn't know any spells.
Your spell library contained the following spells:

 Spells                   Type           Power      Damage    Failure   Level
 Magic Dart               Conj           0%         1d3       34%         1
 Shock                    Conj/Air       0%         1d3       34%         1
 Mercury Vapours          Alch/Air       0%         N/A       47%         2
 Searing Ray              Conj           0%         2d4       47%         2
 Mephitic Cloud           Conj/Alch/Air  0%         N/A       71%         3
 Swiftness                Air            0%         N/A       71%         3
 Tukima's Dance           Hex            0%         N/A       71%         3
 Airstrike                Air            0%         2d(0-16)  98%         4
 Fulminant Prism          Conj/Alch      0%         3d5       98%         4
 Passage of Golubria      Tloc           0%         N/A       98%         4
 Freezing Cloud           Conj/Ice/Air   0%         6-21      100%        5
 Yara's Violent Unravell  Hex/Alch       0%         3d3       100%        5


Dungeon Overview and Level Annotations

Branches:
Dungeon (9/15)             Temple (1/1) D:6
   Lair: D:8-11         Orc: D:9-12

Altars:
Ashenzari
Fedhas
Gozag
Hepliaklqana
Kikubaaqudgha
Makhleb
Nemelex Xobeh
Okawaru
Qazlal
Ru
Sif Muna
Trog
Uskayaw
Vehumet
Wu Jian
Xom
Yredelemnul

Shops:
D:3 [*   D:7 [

Annotations:
D:7 exclusion: door
D:8 Psyche
Temple 2 transporters


Innate Abilities, Weirdness & Mutations

You are a creature with a mouth for a stomach.
Your midsection houses a second, enormous mouth.
Your maximum health is decreased, since you lack skill for your form.
You have a pair of antennae on your head.
You are mostly covered in large bone plates. (SH +6)
When hurt, damage is shared between your health and your magic reserves.
You regenerate magic rapidly.


Message History

The killer bee closely misses you.
A killer bee comes into view.
You barely miss the killer bee.
The killer bee buzzes angrily. x2
Your bite misses the killer bee.
The killer bee stings you but does no damage.
The killer bee stings you!
* * * LOW HITPOINT WARNING * * *
You completely miss the killer bee. You block the killer bee's attack.
The killer bee stings you.
* * * LOW HITPOINT WARNING * * *
You are poisoned.
The killer bee poisons you!
The orc wizard gestures wildly while chanting.
The orc wizard flickers and vanishes!
Deactivating autopickup; reactivate with Ctrl-A.
The orc warrior hits you with a +0 mace!
* * * LOW HITPOINT WARNING * * *
You hit the orc warrior but do no damage.
Your punch misses the orc warrior. Your bite misses the orc warrior.
The orc warrior is almost dead.
You feel very sick. The killer bee closely misses you.
The killer bee stings you.
* * * LOW HITPOINT WARNING * * *
The orc warrior barely misses you.
You hit the orc warrior. Your bite misses the orc warrior.
The orc warrior is almost dead.
* * * LOW HITPOINT WARNING * * *
You feel sick. The killer bee barely misses you. The killer bee stings you.
* * * LOW HITPOINT WARNING * * *
* * * LOW HITPOINT WARNING * * *
You feel sick. The killer bee misses you. The killer bee barely misses you.
* * * LOW HITPOINT WARNING * * *
You feel sick.
The killer bee attacks as it pursues you!
The killer bee closely misses you. The killer bee misses you.
The killer bee completely misses you.
* * * LOW HITPOINT WARNING * * *
You feel sick. The killer bee closely misses you. The killer bee stings you!
You die...

#........# ##..#
##......## #...# {
##.....# ##...# {
##...## #....# ##..#
#....# ##.## #.....#
..###...## #.....#
..........####....###
......##Wyo###.......
...... ##y..##.......
.....# ##y..#.......
###..## ##{.........
#....#####o........
#.............#....
#..........o...# #.#
#.###########.#.# #
##...#.##


You could see an orc warrior, 3 killer bees and an orc.

Vanquished Creatures
  A wyvern (D:8)
  A steam dragon (D:6)
  Edmund (D:6)
  2 water moccasins (D:6)
  Duvessa (D:6)
  A black bear (D:7)
  An orc warrior (D:6)
  2 sky beasts (D:6)
  2 ice beasts
  A centaur (D:6)
  A phantom (D:6)
  A kobold brigand (D:9)
  3 bullfrogs
  2 gnoll sergeants
  4 scorpions (D:5)
  Dowan (D:6)
  6 killer bees (D:8)
  2 bombardier beetles
  4 hounds
  A jelly (D:5)
  2 gnoll boudas
  3 orc priests
  2 iguanas (D:5)
  5 orc wizards
  22 gnolls
  7 adders
  2 shadow imps
  A white imp (D:6)
  2 ufetubi (D:5)
  5 ribbon worms
  4 dart slugs
  17 orcs
  7 ball pythons
  3 endoplasms
  4 giant cockroaches
  5 goblins
  5 hobgoblins
  5 jackals
  15 kobolds
  A quokka (D:3)
  2 bats
  4 frilled lizards
  4 rats
165 creatures vanquished.

Vanquished Creatures (others)
  A human (D:6)
  A kobold (D:8)
2 creatures vanquished.

Grand Total: 167 creatures vanquished

Notes
Turn   | Place    | Note
-------+----------+-------------------------------------------
     0 | D:1      | seren the Demonspawn Shapeshifter began the quest for the
                  | Orb.
     0 | D:1      | Reached XP level 1. HP: 15/15 MP: 1/1
    98 | D:1      | Gained mutation: You regenerate magic rapidly. [demonic
                  | ancestry]
    98 | D:1      | Reached XP level 2. HP: 21/21 MP: 2/2
   695 | D:2      | Gained mutation: You have a pair of small antennae on your
                  | head. [demonic ancestry]
   695 | D:2      | Reached XP level 3. HP: 12/26 MP: 3/3
   712 | D:1      | Reached skill level 3 in Shapeshifting
   817 | D:2      | Found a shimmering altar of Xom.
  1353 | D:3      | Gained mutation: When hurt, damage is shared between your
                  | health and your magic reserves. [demonic ancestry]
  1353 | D:3      | Reached XP level 4. HP: 18/33 MP: 4/4
  1415 | D:3      | Found Xyiwaleis's Armour Shoppe.
  1431 | D:3      | Found an opulent altar of Gozag.
  1822 | D:3      | Found Gozag's Platinum Reserve.
  1841 | D:3      | Found an ornate altar of the Wu Jian Council.
  1856 | D:3      | Became a worshipper of the Wu Jian Council
  1968 | D:3      | HP: 2/49 [gnoll/+0 club (2)]
  2415 | D:4      | Found a shimmering altar of Xom.
  2583 | D:4      | Reached XP level 5. HP: 29/38 MP: 2/5
  2916 | D:4      | Reached skill level 1 in Evocations
  3262 | D:4      | Reached * piety under Wu Jian
  3564 | D:3      | Gained mutation: You have a pair of antennae on your head.
                  | [demonic ancestry]
  3564 | D:3      | Reached XP level 6. HP: 21/46 MP: 2/6
  3841 | D:5      | Entered Level 5 of the Dungeon
  3953 | D:5      | Found a shimmering blue altar of Sif Muna.
  3983 | D:5      | Found a blossoming altar of Fedhas.
  3990 | D:5      | Found a stormy altar of Qazlal.
  4277 | D:5      | Noticed an ice beast
  4621 | D:5      | Reached skill level 4 in Shapeshifting
  4676 | D:5      | Gained mutation: You are partially covered in large bone
                  | plates. (SH +4) [demonic ancestry]
  4676 | D:5      | Reached XP level 7. HP: 52/52 MP: 5/7
  5364 | D:5      | Reached skill level 1 in Armour
  6339 | D:6      | Gained mutation: You are mostly covered in large bone
                  | plates. (SH +6) [demonic ancestry]
  6339 | D:6      | Reached XP level 8. HP: 15/60 MP: 3/8
  6740 | D:6      | Reached skill level 5 in Shapeshifting
  6947 | D:6      | Noticed Duvessa
  6947 | D:6      | Noticed Dowan
  6957 | D:6      | Killed Duvessa
  6957 | D:6      | Reached ** piety under Wu Jian
  6958 | D:6      | Reached skill level 5 in Unarmed Combat
  6960 | D:6      | Killed Dowan
  7118 | D:6      | Noticed Edmund
  7410 | D:6      | Found a staircase to the Ecumenical Temple.
  7432 | D:6      | Identified the +10 flail "Undertaker" {drain, rN+}
  7548 | D:6      | Killed Edmund
  7824 | D:6      | Reached skill level 6 in Shapeshifting
  8018 | D:6      | Reached skill level 5 in Fighting
  8018 | D:6      | Reached XP level 9. HP: 35/68 MP: 6/9
  8247 | Temple   | Found a transporter.
  8247 | Temple   | Found a transporter.
  8247 | Temple   | Found a transporter.
  8247 | Temple   | Found a transporter.
  8247 | Temple   | Entered the Ecumenical Temple
  8265 | D:6      | Found an ancient bone altar of Kikubaaqudgha.
  8309 | D:6      | Found a sacrificial altar of Ru.
  8628 | D:7      | Reached skill level 5 in Dodging
  8655 | D:7      | Found a basalt altar of Yredelemnul.
  9163 | D:7      | Found Nehodao's Antique Armour Boutique.
  9171 | D:7      | Bought a pair of gloves for 94 gold pieces
  9825 | D:8      | Identified the +1 robe of Fucyil {^Contam rElec rF+ SInv}
 10166 | D:8      | Reached skill level 7 in Shapeshifting
 10792 | D:8      | Noticed Psyche
 10988 | D:9      | Reached skill level 8 in Shapeshifting
 11098 | D:9      | Reached *** piety under Wu Jian
 11215 | D:9      | HP: 2/55 [poisoned by a killer bee]
 11215 | D:9      | Slain by a killer bee

Illustrated notes

Levels and vault maps discovered:
D:1:      pf_arrival_petrified_forest, layout_basic
D:2:      layout_loops_cross, basic_altar, moated_statue,
          hangedman_feature_mirror
D:3:      layout_rooms, nzn_wu_jian_council_hall,
          nicolae_gozag_zags_fifth_avenue, serial_shops, shop
D:4:      layout_rooms, regret_index_xom_buried_treasure, abandoned_shop
D:5:      layout_cave_pods, grunt_temple_overflow_forces_of_nature,
          nicolae_sif_muna_condensation
D:6:      layout_basic, tgw_kikubaaqudgha, hangedman_ru_absence,
          minmay_temple_entry_hall, uniq_edmund, uniq_duvessa
D:7:      layout_basic, yredelemnul_forgotten_temple_becter, serial_shops,
          nicolae_shop_advertising_works [nicolae_subvault_shop_adworks],
          enter_bailey_2
D:8:      layout_basic, uniq_psyche
D:9:      layout_cave_pods, nicolae_dithmenos_the_darkroom, david_orc_4,
          serial_shops, shop
Temple:   hellmonk_temple_divided_pantheon

Skill      XL: |  1  2  3  4  5  6  7  8  9 |
---------------+----------------------------+-----
Dodging        | 2 3 4 5 |  5.2
Unarmed Combat | 3 4 5 |  5.0
Shapeshifting  | 3 4 6 8 |  8.1
Fighting       | 2 3 5 |  5.5
Evocations     | 1 2 4 |  4.0
Armour         | 1 |  1.8

Action                     |  1- 3 |  4- 6 |  7- 9 || total
---------------------------+-------+-------+-------++-------
  Melee: Unarmed           |    85 |   230 |   447 ||   762
         Punch             |     2 |     5 |     7 ||    14
         Maw               |       |       |    12 ||    12
   Fire: Sling             |       |       |     3 ||     3
  Throw: Dart              |       |       |     2 ||     2
Ability: Lunge             |       |    16 |    14 ||    30
         Whirlwind         |       |     4 |     7 ||    11
  Evoke: Wand              |       |       |     4 ||     4
    Use: Potion            |       |     5 |     4 ||     9
         Scroll            |       |     8 |     5 ||    13
   Stab: Sleeping          |     2 |     1 |       ||     3
 Armour: Animal skin       |    40 |   110 |     2 ||   152
         Skin              |       |    20 |   117 ||   137
         Leather armour    |       |       |    70 ||    70
  Dodge: Dodged            |    70 |   140 |   268 ||   478
  Block: Other             |       |       |    95 ||    95
   Form: Flux              |       |     1 |     1 ||     2
         Beast             |       |     1 |       ||     1
         Maw               |       |       |     1 ||     1

Table legend: (Time is in decaauts)
 A = Elapsed time spent in this place.
 B = Non-inter-level travel time spent in this place.
 C = Inter-level travel time spent in this place.
 D = Time resting spent in this place.
 E = Time spent auto-exploring this place.
 F = Levels seen in this place.
 G = Mean time per level.
                   A        B        C        D        E       F      G
               +--------+--------+--------+--------+--------+-----+--------+
         Total |  11180 |  10447 |    733 |   3442 |   3546 |  10 | 1118.0 |
       Dungeon |  11179 |  10446 |    733 |   3442 |   3546 |   9 | 1242.1 |
        Temple |      1 |      1 |      0 |      0 |      0 |   1 |    1.0 |
               +--------+--------+--------+--------+--------+-----+--------+

Top non-repeatable levels by time:
     D:5: 2581 daAuts
     D:6: 1741 daAuts
     D:4: 1469 daAuts
     D:3: 1237 daAuts
     D:7: 1126 daAuts
     D:8: 1058 daAuts
     D:2: 811 daAuts
     D:1: 783 daAuts
     D:9: 369 daAuts
  Temple: 1 daAuts
